Atomiques vs Sewer Rats
Created - November 18, 2019 at 19:02
Goals
|
| Atomiques |
5 |
0 |
1 |
6 |
| Sewer Rats |
2 |
2 |
1 |
5 |
|
Shots
|
| Atomiques |
20 |
4 |
13 |
37 |
| Sewer Rats |
8 |
10 |
27 |
45 |
|
1st period
1. Sewer Rats , Mark Mancari 12 (Vincent Trocheck 19, Joseph Blandisi 2) at 2:46
2. Atomiques , William Nylander 3 (Michael Chaput 6) at 6:23
3. Atomiques , Nikolaj Ehlers 2 (Michael Chaput 7, Matt Tennyson 4) at 10:03
4. Atomiques , Brandon McMillan 6 (Jacob De La Rose 1, Taylor Beck 8) at 10:56
5. Sewer Rats , Daniel Carr 6 (Jonathan Marchessault 6) at 11:47
6. Atomiques , Dennis Everberg 7 (Chris Tierney 10, Connor Hellebyuk) at 12:11 (PP)
7. Atomiques , Dennis Everberg 8 (Brandon Saad 8, Chris Tierney 11) at 18:56
Penalties :
Connor Clifton (STB) for Hooking (Minor) at 4:10, Joel Edmundson (Tol) for Tripping (Minor) at 12:02, Jarred Tinordi (Tol) for Interference (Minor) at 12:31, John Draeger (STB) for Hooking (Minor) at 19:24
2nd period
8. Sewer Rats , Tomas Tatar 8 (Mark Mancari 7, Vincent Trocheck 20) at 0:26 (PP)
9. Sewer Rats , Erik Condra 8 (Jarred Tinordi 4, Jonathan Marchessault 7) at 12:35
Penalties :
Brandon McMillan (STB) for Hooking (Minor) at 0:22
3rd period
10. Sewer Rats , Tomas Tatar 9 (Mark Mancari 8, Vincent Trocheck 21) at 15:56 (PP)
11. Atomiques , Christoph Bertschy 6 (Jack Skille 3, Travis Sanheim 13) at 16:20
Penalties :
Stefan Elliott (Tol) for Slashing (Minor) at 0:41, Travis Sanheim (STB) for Tripping (Minor) at 3:48, William Nylander (STB) for Hooking (Minor) at 10:44, Taylor Beck (STB) for Hooking (Minor) at 15:52, Stefan Elliott (Tol) for Hooking (Minor) at 16:27
Goalie Stats
Connor Hellebyuk (STB), 40 saves from 45 shots - (0.889), W, 5-5-0, 60:00 minutes
Darcy Kuemper (Tol), 25 saves from 27 shots - (0.926), L, 2-2-1, 46:43 minutes
Marek Mazanek (Tol), 6 saves from 10 shots - (0.600), 12:11 minutes
Players Stats for Atomiques
Player Name G A P +/- PIM S H SB GA TA FO MP PP MP PK MP
------------------------------------------------------------------------------------
Bobby Farnham 0 0 0 1 0 1 1 0 1 0 0/0 5:37 0:00 0:00
Brandon McMillan 1 0 1 1 2 3 1 1 1 1 0/0 11:36 0:00 4:15
Brandon Saad 0 1 1 0 0 4 1 1 1 0 0/0 16:42 3:25 0:32
Chris Tierney 0 2 2 0 0 3 2 3 1 0 12/34 22:57 3:25 5:21
Christoph Bertschy 1 0 1 0 0 3 1 0 0 0 10/18 16:26 2:38 1:12
Colby Cohen 0 0 0 1 0 0 0 1 0 0 0/0 10:15 0:00 0:00
Connor Clifton 0 0 0 1 2 0 0 2 0 1 0/0 12:31 0:00 1:25
Dennis Everberg 2 0 2 0 0 6 2 0 1 0 0/2 19:40 3:25 2:25
Jack Skille 0 1 1 0 0 1 1 1 0 0 0/1 12:44 0:03 0:00
Jacob De La Rose 0 1 1 1 0 0 1 1 0 0 2/5 8:02 0:00 2:25
John Draeger 0 0 0 -1 2 1 2 1 0 1 0/0 21:29 2:41 3:17
Matt Tennyson 0 1 1 2 0 2 2 2 0 0 0/0 27:40 3:25 5:14
Michael Chaput 0 2 2 1 0 4 2 0 0 0 6/10 12:24 0:03 0:00
Nikolaj Ehlers 1 0 1 1 0 5 0 2 3 0 0/0 14:40 2:38 0:00
Taylor Beck 0 1 1 0 2 2 2 1 0 1 0/0 14:54 0:03 1:41
Travis Sanheim 0 1 1 2 2 0 0 0 1 2 0/0 26:07 3:25 3:53
Wiley Sherman 0 0 0 -1 0 1 0 0 0 0 0/0 22:28 2:41 4:07
William Nylander 1 0 1 1 2 1 1 0 0 0 1/1 14:40 2:38 0:00
Players Stats for Sewer Rats
Player Name G A P +/- PIM S H SB GA TA FO MP PP MP PK MP
------------------------------------------------------------------------------------
Connor Carrick 0 0 0 -1 0 1 0 2 0 1 0/0 14:13 0:00 3:24
Daniel Carr 1 0 1 2 0 1 2 0 0 0 0/0 16:18 3:48 1:18
Dmitrij Jaskin 0 0 0 -1 0 2 2 0 2 1 0/0 8:39 0:11 0:00
Erik Condra 1 0 1 2 0 2 1 1 0 0 1/1 16:14 3:48 1:30
Jared McCann 0 0 0 -1 0 0 0 0 1 0 2/4 8:28 0:00 0:00
Jarred Tinordi 0 1 1 0 2 5 2 1 1 1 0/0 29:26 6:13 2:38
Joel Edmundson 0 0 0 -1 2 1 1 2 0 2 0/0 17:41 2:45 2:12
John Ramage 0 0 0 -1 0 1 1 0 0 1 0/0 11:35 0:00 0:00
Jonathan Marchessault 0 2 2 2 0 2 1 0 2 0 8/13 14:44 3:48 0:00
Joseph Blandisi 0 1 1 -3 0 2 0 0 0 0 0/0 9:32 0:00 0:00
Mark Mancari 1 2 3 0 0 5 1 1 0 0 3/8 23:43 4:59 3:19
Martin Frk 0 0 0 -3 0 3 0 0 0 0 0/0 9:59 0:11 0:00
Michael Dal Colle 0 0 0 -1 0 1 0 0 0 0 0/0 8:28 0:00 0:00
Nick Cousins 0 0 0 -3 0 4 0 0 0 0 8/15 10:57 0:04 1:05
Ryan Murphy 0 0 0 -1 0 1 1 0 0 0 0/0 17:31 2:45 2:04
Stefan Elliott 0 0 0 -1 4 3 0 1 0 2 0/0 26:09 6:13 1:15
Tomas Tatar 2 0 2 0 0 8 2 0 0 1 0/2 24:08 5:06 3:18
Vincent Trocheck 0 3 3 0 0 3 4 0 0 0 18/28 22:25 4:59 1:42
Xavier Ouellet 0 0 0 1 0 0 0 0 0 0 0/0 3:40 0:00 0:39
3 Stars
1 - Dennis Everberg (STB)
2 - Tomas Tatar (Tol)
3 - Mark Mancari (Tol)
Power Play
Atomiques - 1 on 4 Attempt(s) - 25.00%
Sewer Rats - 2 on 6 Attempt(s) - 33.33%
Penalty Kill
Atomiques - 4 on 6 Attempt(s) - 66.67%
- Score 0 goal in Penalty Kill
Sewer Rats - 3 on 4 Attempt(s) - 75.00%
- Score 0 goal in Penalty Kill
Team Stat
Atomiques - Hits : 19 - Faceoff Wins : 31 - Blocked Shots : 16 - Penalty Minutes : 12
Sewer Rats - Hits : 18 - Faceoff Wins : 40 - Blocked Shots : 8 - Penalty Minutes : 8
Official
Referees : Unknown
Linesman : Unknown
Game Notes
Darcy Kuemper enters game at 12:11 of 1st period
Finance
Level 1 -- Attendance: 1563 (78.15%) -- Ticket Income $54,705
Level 2 -- Attendance: 780 (78.00%) -- Ticket Income $13,260
Total Attendance: 2343 (78.10%)
Total Ticket Income: $67,965
Other Income: $3,398
Total Income: $71,363
Atomiques
5 vs 5 Forward
Center Left Wing Right Wing Time % Phy DF OF
1 Chris Tierney Brandon Saad Dennis Everberg 35 0 2 3
2 Michael Chaput Nikolaj Ehlers William Nylander 30 0 1 4
3 Christoph Bertschy Taylor Beck Jack Skille 30 1 2 2
4 Jacob De La Rose Brandon McMillan Bobby Farnham 5 1 2 2
5 vs 5 Defense
Defense Defense Time % Phy DF OF
1 Travis Sanheim Matt Tennyson 40 0 2 3
2 Wiley Sherman John Draeger 30 0 2 3
3 Colby Cohen Connor Clifton 20 1 2 2
4 Travis Sanheim Matt Tennyson 10 1 2 2
PowerPlay Forward
Center Left Wing Right Wing Time % Phy DF OF
1 Chris Tierney Brandon Saad Dennis Everberg 60 1 2 2
2 Christoph Bertschy Nikolaj Ehlers William Nylander 40 1 2 2
PowerPlay Defense
Defense Defense Time % Phy DF OF
1 Travis Sanheim Matt Tennyson 60 1 2 2
2 Wiley Sherman John Draeger 40 1 2 2
Penalty Kill 4 Players Forward
Center Wing Time % Phy DF OF
1 Chris Tierney Brandon McMillan 60 1 3 1
2 Jacob De La Rose Dennis Everberg 40 1 3 1
Penalty Kill 4 Players Defense
Defense Defense Time % Phy DF OF
1 Travis Sanheim Matt Tennyson 60 1 3 1
2 Wiley Sherman John Draeger 40 1 3 1
Penalty Kill - 3 Players Forward
Forward Time % Phy DF OF
1 Chris Tierney 60 1 3 1
2 Jacob De La Rose 40 1 3 1
Penalty Kill - 3 Players Defense
Defense Defense Time % Phy DF OF
1 Travis Sanheim Matt Tennyson 60 1 3 1
2 Wiley Sherman John Draeger 40 1 3 1
4 vs 4 Forward
Center Wing Time % Phy DF OF
1 Chris Tierney Brandon Saad 60 0 2 3
2 Taylor Beck Nikolaj Ehlers 40 0 1 4
4 vs 4 Defense
Defense Defense Time % Phy DF OF
1 Travis Sanheim Matt Tennyson 60 0 2 3
2 Wiley Sherman John Draeger 40 0 2 3
Last Minutes Offensive
Center Left Wing Right Wing Defense Defense
Chris Tierney Brandon Saad Nikolaj Ehlers Travis Sanheim Matt Tennyson
Last Minutes Defensive
Center Left Wing Right Wing Defense Defense
Chris Tierney Brandon McMillan Dennis Everberg John Draeger Wiley Sherman
Goaltenders
Starting : Connor Hellebyuk
Backup : Thatcher Demko
Extra Forwards
Normal : Taylor Beck, Brandon Saad, William Nylander - PP : William Nylander, Dennis Everberg - PK : Brandon McMillan
Extra Defensemen
Normal : John Draeger, Wiley Sherman, Matt Tennyson - PP : Travis Sanheim - PK : Wiley Sherman, Travis Sanheim
Penalty Shots
Taylor Beck, Christoph Bertschy, William Nylander, Dennis Everberg, Nikolaj Ehlers
Scratches
Mike Halmo (Healthy), Freddie Hamilton (Healthy), Max McCormick (Healthy), Dalton Smith (Healthy), Joseph Cramarossa (Healthy)
Carl Dahlstrom (Healthy), Anthony Nigro (Healthy), Axel Holmstrom (Healthy), Eric Mestery (Healthy), Keegan Iverson (Healthy)
Andrew Hammond (Healthy)
Sewer Rats
5 vs 5 Forward
Center Left Wing Right Wing Time % Phy DF OF
1 Vincent Trocheck Tomas Tatar Mark Mancari 40 1 2 2
2 Jonathan Marchessault Daniel Carr Erik Condra 30 1 2 2
3 Nick Cousins Joseph Blandisi Martin Frk 20 1 2 2
4 Jared McCann Michael Dal Colle Dmitrij Jaskin 10 1 2 2
5 vs 5 Defense
Defense Defense Time % Phy DF OF
1 Jarred Tinordi Stefan Elliott 40 1 2 2
2 Joel Edmundson Ryan Murphy 30 1 2 2
3 John Ramage Connor Carrick 20 1 2 2
4 Xavier Ouellet Jarred Tinordi 10 1 2 2
PowerPlay Forward
Center Left Wing Right Wing Time % Phy DF OF
1 Vincent Trocheck Tomas Tatar Mark Mancari 60 1 2 2
2 Jonathan Marchessault Daniel Carr Erik Condra 40 1 2 2
PowerPlay Defense
Defense Defense Time % Phy DF OF
1 Jarred Tinordi Stefan Elliott 60 1 2 2
2 Joel Edmundson Ryan Murphy 40 1 2 2
Penalty Kill 4 Players Forward
Center Wing Time % Phy DF OF
1 Mark Mancari Tomas Tatar 60 1 2 2
2 Vincent Trocheck Erik Condra 40 1 2 2
Penalty Kill 4 Players Defense
Defense Defense Time % Phy DF OF
1 Jarred Tinordi Stefan Elliott 60 1 2 2
2 Joel Edmundson Ryan Murphy 40 1 2 2
Penalty Kill - 3 Players Forward
Forward Time % Phy DF OF
1 Mark Mancari 60 1 2 2
2 Tomas Tatar 40 1 2 2
Penalty Kill - 3 Players Defense
Defense Defense Time % Phy DF OF
1 Jarred Tinordi Stefan Elliott 60 1 2 2
2 Joel Edmundson Ryan Murphy 40 1 2 2
4 vs 4 Forward
Center Wing Time % Phy DF OF
1 Mark Mancari Tomas Tatar 60 1 2 2
2 Vincent Trocheck Erik Condra 40 1 2 2
4 vs 4 Defense
Defense Defense Time % Phy DF OF
1 Jarred Tinordi Stefan Elliott 60 1 2 2
2 Joel Edmundson Ryan Murphy 40 1 2 2
Last Minutes Offensive
Center Left Wing Right Wing Defense Defense
Vincent Trocheck Tomas Tatar Mark Mancari Jarred Tinordi Stefan Elliott
Last Minutes Defensive
Center Left Wing Right Wing Defense Defense
Vincent Trocheck Tomas Tatar Mark Mancari Jarred Tinordi Stefan Elliott
Goaltenders
Starting : Marek Mazanek
Backup : Darcy Kuemper
Extra Forwards
Normal : Martin Frk, Dmitrij Jaskin, Nick Cousins - PP : Martin Frk, Dmitrij Jaskin - PK : Nick Cousins
Extra Defensemen
Normal : John Ramage, Connor Carrick, Xavier Ouellet - PP : John Ramage - PK : Connor Carrick, Xavier Ouellet
Penalty Shots
Mark Mancari, Tomas Tatar, Vincent Trocheck, Erik Condra, Jonathan Marchessault
Scratches
Dominik Kubalik (Healthy), Josh Archibald (Healthy), Jonathan Racine (Healthy), Tyler Motte (Healthy), Chris Calhan (Healthy)
Anthony Duclair (Abdomen/Ribs Injury), Steven Kampfer (Sprained Right Ankle Injury), Mark Friedman (Healthy), Matteson Iacopelli (Healthy), Sergei Kostenko (Healthy)
Antoine Bibeau (Healthy)
% Time on Ice - Atomiques
Lines # - Real PCT - Wanted PCT - Time Play
Normal Forward
1 - 31% - 35% - 13:34
2 - 28% - 30% - 12:08
3 - 28% - 30% - 12:25
4 - 13% - 5% - 5:37
Normal Defense
1 - 41% - 40% - 17:57
2 - 34% - 30% - 14:43
3 - 23% - 20% - 9:52
4 - 3% - 10% - 1:12
PP Forward
1 - 57% - 60% - 3:28
2 - 43% - 40% - 2:38
PP Defense
1 - 56% - 60% - 3:25
2 - 44% - 40% - 2:41
PK Forward
1 - 73% - 60% - 6:29
2 - 27% - 40% - 2:25
PK Defense
1 - 67% - 60% - 6:00
2 - 33% - 40% - 2:54
PK3 Forward
1 - 100% - 60% - 0:04
2 - 0% - 40% - 0:00
PK3 Defense
1 - 100% - 60% - 0:04
2 - 0% - 40% - 0:00
44 Forward
1 - 0% - 60%
2 - 0% - 40%
44 Defense
1 - 0% - 60%
2 - 0% - 40%
Last Minute Offensive - 0:00
Last Minute Defensive - 1:12
Total
Forward - 60:00
Defense - 60:00
|
% Time on Ice - Sewer Rats
Lines # - Real PCT - Wanted PCT - Time Play
Normal Forward
1 - 34% - 40% - 14:51
2 - 25% - 30% - 10:56
3 - 22% - 20% - 9:32
4 - 19% - 10% - 8:28
Normal Defense
1 - 41% - 40% - 18:02
2 - 29% - 30% - 12:42
3 - 25% - 20% - 10:46
4 - 5% - 10% - 2:17
PP Forward
1 - 58% - 60% - 5:10
2 - 42% - 40% - 3:48
PP Defense
1 - 69% - 60% - 6:13
2 - 31% - 40% - 2:45
PK Forward
1 - 75% - 60% - 4:36
2 - 25% - 40% - 1:30
PK Defense
1 - 66% - 60% - 4:02
2 - 34% - 40% - 2:04
PK3 Forward
1 - 0% - 60%
2 - 0% - 40%
PK3 Defense
1 - 0% - 60%
2 - 0% - 40%
44 Forward
1 - 0% - 60%
2 - 0% - 40%
44 Defense
1 - 0% - 60%
2 - 0% - 40%
Last Minute Offensive - 1:09
Last Minute Defensive - 0:00
Total
Forward - 60:00
Defense - 60:00
|
Play-by-Play
1st period
0:01 of 1st period - Vincent Trocheck wins face-off versus Chris Tierney in neutral zone.
0:37 of 1st period - Snap shot by Jonathan Marchessault.
0:37 of 1st period - Stopped by Connor Hellebyuk without a rebound.
0:38 of 1st period - Christoph Bertschy wins face-off versus Nick Cousins in Atomiques zone.
1:03 of 1st period - Jared McCann is hit by Bobby Farnham and loses puck.
1:28 of 1st period - Wrist shot by Mark Mancari.
1:28 of 1st period - Stopped by Connor Hellebyuk without a rebound.
1:29 of 1st period - Michael Chaput wins face-off versus Tomas Tatar in Atomiques zone.
1:42 of 1st period - Backhand shot by Nikolaj Ehlers.
1:42 of 1st period - Deflect By Michael Chaput.
1:42 of 1st period - Stopped by Marek Mazanek with a rebound.
1:56 of 1st period - Backhand shot by Tomas Tatar.
1:56 of 1st period - Shot Misses the Net.
1:58 of 1st period - Slapshot by Jarred Tinordi.
1:58 of 1st period - Stopped by Connor Hellebyuk without a rebound.
1:59 of 1st period - Jonathan Marchessault wins face-off versus Chris Tierney in Atomiques zone.
2:00 of 1st period - Slapshot by Daniel Carr.
2:00 of 1st period - Shot Misses the Net.
2:46 of 1st period - Slapshot by Mark Mancari.
2:46 of 1st period - Goal by Mark Mancari - Atomiques : 0 - Sewer Rats : 1.
2:47 of 1st period - Jonathan Marchessault wins face-off versus Chris Tierney in neutral zone.
3:56 of 1st period - Bobby Farnham is hit by Dmitrij Jaskin and loses puck.
4:10 of 1st period - Minor Penalty to Connor Clifton for Hooking.
4:11 of 1st period - Chris Tierney wins face-off versus Vincent Trocheck in Atomiques zone.
5:52 of 1st period - Jonathan Marchessault is hit by Jacob De La Rose and loses puck.
6:10 of 1st period - Penalty to Connor Clifton is over, Connor Clifton is back on ice.
6:17 of 1st period - Snap shot by Martin Frk.
6:17 of 1st period - Stopped by Connor Hellebyuk without a rebound.
6:18 of 1st period - William Nylander wins face-off versus Nick Cousins in Atomiques zone.
6:23 of 1st period - Snap shot by William Nylander.
6:23 of 1st period - Goal by William Nylander - Atomiques : 1 - Sewer Rats : 1.
6:24 of 1st period - Mark Mancari wins face-off versus Chris Tierney in neutral zone.
6:49 of 1st period - Jonathan Marchessault is hit by Matt Tennyson and loses puck.
7:20 of 1st period - Snap shot by Brandon McMillan.
7:20 of 1st period - Stopped by Marek Mazanek without a rebound.
7:21 of 1st period - Vincent Trocheck wins face-off versus Michael Chaput in Sewer Rats zone.
7:30 of 1st period - Michael Chaput is hit by Vincent Trocheck and loses puck.
7:37 of 1st period - Slapshot by Tomas Tatar.
7:37 of 1st period - Shot Misses the Net.
8:02 of 1st period - Slapshot by Nikolaj Ehlers.
8:02 of 1st period - Shot Blocked by Jarred Tinordi.
8:04 of 1st period - Backhand shot by Michael Chaput.
8:04 of 1st period - Shot Misses the Net.
8:10 of 1st period - Snap shot by Michael Chaput.
8:10 of 1st period - Stopped by Marek Mazanek with a rebound.
8:42 of 1st period - Jarred Tinordi is hit by Michael Chaput and loses puck.
9:13 of 1st period - Slapshot by Dmitrij Jaskin.
9:13 of 1st period - Shot Misses the Net.
9:59 of 1st period - Snap shot by Michael Chaput.
9:59 of 1st period - Stopped by Marek Mazanek with a rebound.
10:03 of 1st period - Snap shot by Nikolaj Ehlers.
10:03 of 1st period - Goal by Nikolaj Ehlers - Atomiques : 2 - Sewer Rats : 1.
10:04 of 1st period - Vincent Trocheck wins face-off versus Chris Tierney in neutral zone.
10:11 of 1st period - Ryan Murphy is hit by Dennis Everberg and loses puck.
10:54 of 1st period - Slapshot by Jacob De La Rose.
10:54 of 1st period - Shot Misses the Net.
10:56 of 1st period - Snap shot by Brandon McMillan.
10:56 of 1st period - Goal by Brandon McMillan - Atomiques : 3 - Sewer Rats : 1.
10:57 of 1st period - Vincent Trocheck wins face-off versus Chris Tierney in neutral zone.
11:31 of 1st period - Wrist shot by Mark Mancari.
11:31 of 1st period - Stopped by Connor Hellebyuk without a rebound.
11:32 of 1st period - Jonathan Marchessault wins face-off versus Chris Tierney in Atomiques zone.
11:35 of 1st period - Slapshot by Daniel Carr.
11:35 of 1st period - Shot Blocked by Brandon Saad.
11:41 of 1st period - Daniel Carr is hit by John Draeger.
11:47 of 1st period - Snap shot by Daniel Carr.
11:47 of 1st period - Goal by Daniel Carr - Atomiques : 3 - Sewer Rats : 2.
11:48 of 1st period - Christoph Bertschy wins face-off versus Vincent Trocheck in neutral zone.
11:55 of 1st period - Slapshot by Christoph Bertschy.
11:55 of 1st period - Deflect By Taylor Beck.
11:55 of 1st period - Stopped by Marek Mazanek without a rebound.
11:56 of 1st period - Christoph Bertschy wins face-off versus Vincent Trocheck in Sewer Rats zone.
11:57 of 1st period - Wrist shot by Taylor Beck.
11:57 of 1st period - Shot Misses the Net.
11:59 of 1st period - Slapshot by John Draeger.
11:59 of 1st period - Stopped by Marek Mazanek without a rebound.
12:00 of 1st period - Vincent Trocheck wins face-off versus Dennis Everberg in Sewer Rats zone.
12:02 of 1st period - Minor Penalty to Joel Edmundson for Tripping.
12:03 of 1st period - Mark Mancari wins face-off versus Chris Tierney in Sewer Rats zone.
12:11 of 1st period - Snap shot by Dennis Everberg.
12:11 of 1st period - Goal by Dennis Everberg - Atomiques : 4 - Sewer Rats : 2.
12:11 of 1st period - Darcy Kuemper enters game.
12:12 of 1st period - Vincent Trocheck wins face-off versus Chris Tierney in neutral zone.
12:26 of 1st period - Snap shot by Dennis Everberg.
12:26 of 1st period - Stopped by Darcy Kuemper with a rebound.
12:28 of 1st period - Slapshot by Wiley Sherman.
12:28 of 1st period - Stopped by Darcy Kuemper without a rebound.
12:29 of 1st period - Jonathan Marchessault wins face-off versus Christoph Bertschy in Sewer Rats zone.
12:31 of 1st period - Minor Penalty to Jarred Tinordi for Interference.
12:32 of 1st period - Chris Tierney wins face-off versus Mark Mancari in Sewer Rats zone.
12:34 of 1st period - Wrist shot by Chris Tierney.
12:34 of 1st period - Stopped by Darcy Kuemper without a rebound.
12:35 of 1st period - Chris Tierney wins face-off versus Mark Mancari in Sewer Rats zone.
13:51 of 1st period - Wrist shot by Erik Condra.
13:51 of 1st period - Shot Blocked by Nikolaj Ehlers.
13:53 of 1st period - Slapshot by Joel Edmundson.
13:53 of 1st period - Shot Misses the Net.
14:03 of 1st period - Nick Cousins is hit by Brandon Saad and loses puck.
14:31 of 1st period - Penalty to Jarred Tinordi is over, Jarred Tinordi is back on ice.
14:36 of 1st period - Slapshot by Jarred Tinordi.
14:36 of 1st period - Deflect By Dmitrij Jaskin.
14:36 of 1st period - Shot Misses the Net.
14:36 of 1st period - Puck is out of play.
14:37 of 1st period - Jared McCann wins face-off versus Jacob De La Rose in Atomiques zone.
14:38 of 1st period - Snap shot by Dmitrij Jaskin.
14:38 of 1st period - Shot Misses the Net.
14:40 of 1st period - Slapshot by Jarred Tinordi.
14:40 of 1st period - Shot Misses the Net.
14:42 of 1st period - Slapshot by Jarred Tinordi.
14:42 of 1st period - Shot Blocked by Brandon McMillan.
15:13 of 1st period - Snap shot by Jonathan Marchessault.
15:13 of 1st period - Shot Misses the Net.
16:13 of 1st period - Snap shot by Michael Chaput.
16:13 of 1st period - Stopped by Darcy Kuemper with a rebound.
16:15 of 1st period - Snap shot by Nikolaj Ehlers.
16:15 of 1st period - Stopped by Darcy Kuemper with a rebound.
16:27 of 1st period - Daniel Carr is hit by Jack Skille and loses puck.
16:40 of 1st period - Slapshot by Dennis Everberg.
16:40 of 1st period - Stopped by Darcy Kuemper with a rebound.
16:42 of 1st period - Slapshot by Colby Cohen.
16:42 of 1st period - Shot Misses the Net.
16:44 of 1st period - Slapshot by Chris Tierney.
16:44 of 1st period - Stopped by Darcy Kuemper with a rebound.
16:58 of 1st period - Snap shot by Martin Frk.
16:58 of 1st period - Stopped by Connor Hellebyuk with a rebound.
17:34 of 1st period - Snap shot by Erik Condra.
17:34 of 1st period - Shot Misses the Net.
18:06 of 1st period - Slapshot by Tomas Tatar.
18:06 of 1st period - Shot Misses the Net.
18:17 of 1st period - Matt Tennyson is hit by Vincent Trocheck and loses puck.
18:36 of 1st period - Snap shot by Dennis Everberg.
18:36 of 1st period - Deflect By Chris Tierney.
18:36 of 1st period - Stopped by Darcy Kuemper with a rebound.
18:38 of 1st period - Wrist shot by Dennis Everberg.
18:38 of 1st period - Shot Blocked by Joel Edmundson.
18:44 of 1st period - Slapshot by Brandon Saad.
18:44 of 1st period - Shot Blocked by Mark Mancari.
18:54 of 1st period - Wrist shot by Brandon Saad.
18:54 of 1st period - Stopped by Darcy Kuemper with a rebound.
18:56 of 1st period - Wrist shot by Brandon Saad.
18:56 of 1st period - Deflect By Dennis Everberg.
18:56 of 1st period - Goal by Dennis Everberg - Atomiques : 5 - Sewer Rats : 2.
18:57 of 1st period - Christoph Bertschy wins face-off versus Jonathan Marchessault in neutral zone.
19:09 of 1st period - Snap shot by Taylor Beck.
19:09 of 1st period - Shot Misses the Net.
19:11 of 1st period - Slapshot by Jack Skille.
19:11 of 1st period - Shot Misses the Net.
19:24 of 1st period - Minor Penalty to John Draeger for Hooking.
19:25 of 1st period - Chris Tierney wins face-off versus Vincent Trocheck in Atomiques zone.
19:58 of 1st period - Snap shot by Erik Condra.
19:58 of 1st period - Shot Blocked by Chris Tierney.
Goals for this period are 5 for Atomiques vs 2 for Sewer Rats.
Shots for this period are 20 for Atomiques vs 8 for Sewer Rats.
2nd period
0:01 of 2nd period - Vincent Trocheck wins face-off versus Chris Tierney in neutral zone.
0:10 of 2nd period - Wrist shot by Mark Mancari.
0:10 of 2nd period - Shot Blocked by Matt Tennyson.
0:12 of 2nd period - Snap shot by Mark Mancari.
0:12 of 2nd period - Shot Misses the Net.
0:14 of 2nd period - Wrist shot by Tomas Tatar.
0:14 of 2nd period - Shot Misses the Net.
0:16 of 2nd period - Snap shot by Vincent Trocheck.
0:16 of 2nd period - Stopped by Connor Hellebyuk with a rebound.
0:22 of 2nd period - Minor Penalty to Brandon McMillan for Hooking.
0:23 of 2nd period - Vincent Trocheck wins face-off versus Chris Tierney in Atomiques zone.
0:26 of 2nd period - Wrist shot by Tomas Tatar.
0:26 of 2nd period - Goal by Tomas Tatar - Atomiques : 5 - Sewer Rats : 3.
0:27 of 2nd period - Chris Tierney wins face-off versus Vincent Trocheck in neutral zone.
0:40 of 2nd period - Slapshot by Jarred Tinordi.
0:40 of 2nd period - Shot Blocked by Chris Tierney.
0:42 of 2nd period - Backhand shot by Jarred Tinordi.
0:42 of 2nd period - Shot Misses the Net.
2:22 of 2nd period - Penalty to Brandon McMillan is over, Brandon McMillan is back on ice.
2:28 of 2nd period - Off-side.
2:29 of 2nd period - Michael Chaput wins face-off versus Nick Cousins in neutral zone.
2:44 of 2nd period - Wrist shot by Nick Cousins.
2:44 of 2nd period - Shot Misses the Net.
3:16 of 2nd period - Snap shot by Dmitrij Jaskin.
3:16 of 2nd period - Stopped by Connor Hellebyuk without a rebound.
3:17 of 2nd period - Jonathan Marchessault wins face-off versus Jacob De La Rose in Atomiques zone.
3:45 of 2nd period - Snap shot by Brandon Saad.
3:45 of 2nd period - Shot Misses the Net.
3:47 of 2nd period - Snap shot by Wiley Sherman.
3:47 of 2nd period - Shot Blocked by Stefan Elliott.
4:07 of 2nd period - Slapshot by Mark Mancari.
4:07 of 2nd period - Deflect By Tomas Tatar.
4:07 of 2nd period - Stopped by Connor Hellebyuk with a rebound.
4:15 of 2nd period - William Nylander is hit by Vincent Trocheck and loses puck.
4:40 of 2nd period - Wrist shot by Tomas Tatar.
4:40 of 2nd period - Stopped by Connor Hellebyuk without a rebound.
4:41 of 2nd period - Erik Condra wins face-off versus Chris Tierney in Atomiques zone.
5:08 of 2nd period - Joel Edmundson is hit by Taylor Beck and loses puck.
5:31 of 2nd period - Wrist shot by Nick Cousins.
5:31 of 2nd period - Shot Misses the Net.
5:42 of 2nd period - Off-side.
5:43 of 2nd period - Jonathan Marchessault wins face-off versus Chris Tierney in neutral zone.
6:09 of 2nd period - Christoph Bertschy is hit by John Ramage and loses puck.
8:04 of 2nd period - Snap shot by Mark Mancari.
8:04 of 2nd period - Shot Misses the Net.
8:16 of 2nd period - Slapshot by Dennis Everberg.
8:16 of 2nd period - Shot Blocked by Joel Edmundson.
8:22 of 2nd period - Brandon Saad is hit by Jonathan Marchessault and loses puck.
9:20 of 2nd period - Off-side.
9:21 of 2nd period - Vincent Trocheck wins face-off versus Chris Tierney in neutral zone.
9:21 of 2nd period - Tomas Tatar is hit by Dennis Everberg.
9:35 of 2nd period - Snap shot by Chris Tierney.
9:35 of 2nd period - Shot Blocked by Connor Carrick.
9:48 of 2nd period - Slapshot by Dennis Everberg.
9:48 of 2nd period - Stopped by Darcy Kuemper with a rebound.
10:02 of 2nd period - Wrist shot by Brandon Saad.
10:02 of 2nd period - Shot Misses the Net.
10:04 of 2nd period - Snap shot by Brandon Saad.
10:04 of 2nd period - Stopped by Darcy Kuemper without a rebound.
10:05 of 2nd period - Christoph Bertschy wins face-off versus Jonathan Marchessault in Sewer Rats zone.
10:49 of 2nd period - Snap shot by Martin Frk.
10:49 of 2nd period - Shot Misses the Net.
11:26 of 2nd period - Wrist shot by Mark Mancari.
11:26 of 2nd period - Shot Misses the Net.
11:57 of 2nd period - Snap shot by Jack Skille.
11:57 of 2nd period - Shot Misses the Net.
11:59 of 2nd period - Backhand shot by Jack Skille.
11:59 of 2nd period - Deflect By Christoph Bertschy.
11:59 of 2nd period - Stopped by Darcy Kuemper without a rebound.
12:00 of 2nd period - Vincent Trocheck wins face-off versus Chris Tierney in Sewer Rats zone.
12:31 of 2nd period - Snap shot by Jonathan Marchessault.
12:31 of 2nd period - Shot Blocked by John Draeger.
12:33 of 2nd period - Snap shot by Jarred Tinordi.
12:33 of 2nd period - Stopped by Connor Hellebyuk with a rebound.
12:35 of 2nd period - Slapshot by Erik Condra.
12:35 of 2nd period - Goal by Erik Condra - Atomiques : 5 - Sewer Rats : 4.
12:36 of 2nd period - Christoph Bertschy wins face-off versus Vincent Trocheck in neutral zone.
12:45 of 2nd period - Slapshot by Travis Sanheim.
12:45 of 2nd period - Shot Misses the Net.
13:03 of 2nd period - Chris Tierney is hit by Daniel Carr and loses puck.
13:12 of 2nd period - Icing by Brandon Saad.
13:13 of 2nd period - Vincent Trocheck wins face-off versus Dennis Everberg in Atomiques zone.
13:38 of 2nd period - Chris Tierney is hit by Ryan Murphy and loses puck.
14:25 of 2nd period - Icing by Travis Sanheim.
14:26 of 2nd period - Michael Chaput wins face-off versus Jared McCann in Atomiques zone.
14:34 of 2nd period - Wrist shot by Nikolaj Ehlers.
14:34 of 2nd period - Stopped by Darcy Kuemper without a rebound.
14:35 of 2nd period - Vincent Trocheck wins face-off versus Christoph Bertschy in Sewer Rats zone.
14:42 of 2nd period - Wrist shot by Jack Skille.
14:42 of 2nd period - Shot Misses the Net.
14:47 of 2nd period - Off-side.
14:48 of 2nd period - Chris Tierney wins face-off versus Tomas Tatar in neutral zone.
16:14 of 2nd period - John Draeger is hit by Mark Mancari.
16:18 of 2nd period - Snap shot by Tomas Tatar.
16:18 of 2nd period - Shot Misses the Net.
16:44 of 2nd period - Snap shot by Jonathan Marchessault.
16:44 of 2nd period - Stopped by Connor Hellebyuk without a rebound.
16:45 of 2nd period - Nick Cousins wins face-off versus Michael Chaput in Atomiques zone.
17:34 of 2nd period - Slapshot by Connor Carrick.
17:34 of 2nd period - Stopped by Connor Hellebyuk with a rebound.
17:36 of 2nd period - Slapshot by Connor Carrick.
17:36 of 2nd period - Deflect By Dmitrij Jaskin.
17:36 of 2nd period - Shot Misses the Net.
17:36 of 2nd period - Puck is out of play.
17:37 of 2nd period - Jared McCann wins face-off versus Christoph Bertschy in Atomiques zone.
17:46 of 2nd period - Slapshot by Dmitrij Jaskin.
17:46 of 2nd period - Shot Misses the Net.
17:48 of 2nd period - Slapshot by Connor Carrick.
17:48 of 2nd period - Shot Misses the Net.
17:52 of 2nd period - Wrist shot by Dmitrij Jaskin.
17:52 of 2nd period - Shot Blocked by Taylor Beck.
18:02 of 2nd period - John Ramage is hit by William Nylander and loses puck.
18:11 of 2nd period - Michael Chaput is hit by Tomas Tatar and loses puck.
18:26 of 2nd period - Wrist shot by Jonathan Marchessault.
18:26 of 2nd period - Deflect By Chris Tierney.
18:26 of 2nd period - Shot Misses the Net.
18:26 of 2nd period - Puck is out of play.
18:27 of 2nd period - Jonathan Marchessault wins face-off versus Chris Tierney in Atomiques zone.
18:30 of 2nd period - Slapshot by Erik Condra.
18:30 of 2nd period - Stopped by Connor Hellebyuk without a rebound.
18:31 of 2nd period - Christoph Bertschy wins face-off versus Jonathan Marchessault in Atomiques zone.
19:27 of 2nd period - Joseph Blandisi is hit by Michael Chaput and loses puck.
19:39 of 2nd period - Icing by Jarred Tinordi.
19:40 of 2nd period - Jacob De La Rose wins face-off versus Jared McCann in Sewer Rats zone.
Goals for this period are 0 for Atomiques vs 2 for Sewer Rats.
Shots for this period are 4 for Atomiques vs 10 for Sewer Rats.
3rd period
0:01 of 3rd period - Chris Tierney wins face-off versus Vincent Trocheck in neutral zone.
0:12 of 3rd period - Slapshot by Chris Tierney.
0:12 of 3rd period - Shot Misses the Net.
0:14 of 3rd period - Snap shot by Chris Tierney.
0:14 of 3rd period - Shot Misses the Net.
0:16 of 3rd period - Slapshot by Matt Tennyson.
0:16 of 3rd period - Deflect By Stefan Elliott.
0:16 of 3rd period - Stopped by Darcy Kuemper with a rebound.
0:26 of 3rd period - Matt Tennyson is hit by Erik Condra.
0:41 of 3rd period - Minor Penalty to Stefan Elliott for Slashing.
0:42 of 3rd period - Chris Tierney wins face-off versus Mark Mancari in Sewer Rats zone.
1:17 of 3rd period - Wrist shot by Wiley Sherman.
1:17 of 3rd period - Shot Blocked by Erik Condra.
1:19 of 3rd period - Wrist shot by Nikolaj Ehlers.
1:19 of 3rd period - Shot Blocked by Connor Carrick.
1:37 of 3rd period - John Draeger is hit by Tomas Tatar and loses puck.
2:16 of 3rd period - Brandon Saad is hit by Jarred Tinordi.
2:41 of 3rd period - Penalty to Stefan Elliott is over, Stefan Elliott is back on ice.
3:03 of 3rd period - Jacob De La Rose is hit by Dmitrij Jaskin and loses puck.
3:08 of 3rd period - Snap shot by Dmitrij Jaskin.
3:08 of 3rd period - Shot Blocked by Connor Clifton.
3:10 of 3rd period - Wrist shot by Michael Dal Colle.
3:10 of 3rd period - Stopped by Connor Hellebyuk without a rebound.
3:11 of 3rd period - Nick Cousins wins face-off versus Jacob De La Rose in Atomiques zone.
3:12 of 3rd period - Wrist shot by Martin Frk.
3:12 of 3rd period - Shot Blocked by Jacob De La Rose.
3:22 of 3rd period - Wrist shot by Brandon McMillan.
3:22 of 3rd period - Stopped by Darcy Kuemper with a rebound.
3:24 of 3rd period - Snap shot by Travis Sanheim.
3:24 of 3rd period - Shot Misses the Net.
3:26 of 3rd period - Slapshot by Travis Sanheim.
3:26 of 3rd period - Deflect By Bobby Farnham.
3:26 of 3rd period - Stopped by Darcy Kuemper without a rebound.
3:27 of 3rd period - Jonathan Marchessault wins face-off versus Michael Chaput in Sewer Rats zone.
3:48 of 3rd period - Minor Penalty to Travis Sanheim for Tripping.
3:49 of 3rd period - Mark Mancari wins face-off versus Chris Tierney in Atomiques zone.
3:52 of 3rd period - Snap shot by Tomas Tatar.
3:52 of 3rd period - Stopped by Connor Hellebyuk without a rebound.
3:53 of 3rd period - Vincent Trocheck wins face-off versus Chris Tierney in Atomiques zone.
4:24 of 3rd period - Slapshot by Stefan Elliott.
4:24 of 3rd period - Shot Misses the Net.
4:38 of 3rd period - Jacob De La Rose is hit by Vincent Trocheck and loses puck.
4:51 of 3rd period - Daniel Carr is hit by Chris Tierney and loses puck.
5:22 of 3rd period - Snap shot by Taylor Beck.
5:22 of 3rd period - Deflect By Stefan Elliott.
5:22 of 3rd period - Stopped by Darcy Kuemper without a rebound.
5:23 of 3rd period - Vincent Trocheck wins face-off versus Chris Tierney in Sewer Rats zone.
5:47 of 3rd period - Stefan Elliott is hit by Matt Tennyson and loses puck.
5:48 of 3rd period - Penalty to Travis Sanheim is over, Travis Sanheim is back on ice.
6:04 of 3rd period - Slapshot by Stefan Elliott.
6:04 of 3rd period - Stopped by Connor Hellebyuk with a rebound.
6:06 of 3rd period - Slapshot by Jarred Tinordi.
6:06 of 3rd period - Deflect By Matt Tennyson.
6:06 of 3rd period - Stopped by Connor Hellebyuk with a rebound.
6:08 of 3rd period - Slapshot by Stefan Elliott.
6:08 of 3rd period - Shot Blocked by Matt Tennyson.
6:44 of 3rd period - Michael Chaput is hit by Joel Edmundson and loses puck.
7:01 of 3rd period - Snap shot by Nick Cousins.
7:01 of 3rd period - Stopped by Connor Hellebyuk without a rebound.
7:02 of 3rd period - Michael Chaput wins face-off versus Nick Cousins in Atomiques zone.
7:58 of 3rd period - Slapshot by Dmitrij Jaskin.
7:58 of 3rd period - Stopped by Connor Hellebyuk without a rebound.
7:59 of 3rd period - Michael Chaput wins face-off versus Vincent Trocheck in Atomiques zone.
8:06 of 3rd period - Snap shot by Tomas Tatar.
8:06 of 3rd period - Shot Misses the Net.
8:08 of 3rd period - Slapshot by Ryan Murphy.
8:08 of 3rd period - Stopped by Connor Hellebyuk with a rebound.
8:10 of 3rd period - Slapshot by Joel Edmundson.
8:10 of 3rd period - Stopped by Connor Hellebyuk with a rebound.
8:24 of 3rd period - Dennis Everberg is hit by Daniel Carr and loses puck.
8:33 of 3rd period - Wrist shot by Dennis Everberg.
8:33 of 3rd period - Stopped by Darcy Kuemper without a rebound.
8:34 of 3rd period - Vincent Trocheck wins face-off versus Christoph Bertschy in Sewer Rats zone.
8:59 of 3rd period - Stefan Elliott is hit by Chris Tierney and loses puck.
9:06 of 3rd period - Wrist shot by Brandon Saad.
9:06 of 3rd period - Stopped by Darcy Kuemper with a rebound.
9:08 of 3rd period - Wrist shot by Brandon Saad.
9:08 of 3rd period - Stopped by Darcy Kuemper without a rebound.
9:09 of 3rd period - Michael Chaput wins face-off versus Vincent Trocheck in Sewer Rats zone.
9:14 of 3rd period - Snap shot by Michael Chaput.
9:14 of 3rd period - Shot Misses the Net.
9:39 of 3rd period - Wrist shot by Nikolaj Ehlers.
9:39 of 3rd period - Stopped by Darcy Kuemper without a rebound.
9:40 of 3rd period - Chris Tierney wins face-off versus Jonathan Marchessault in Sewer Rats zone.
10:07 of 3rd period - Taylor Beck is hit by Jarred Tinordi and loses puck.
10:30 of 3rd period - Wrist shot by Mark Mancari.
10:30 of 3rd period - Stopped by Connor Hellebyuk with a rebound.
10:44 of 3rd period - Minor Penalty to William Nylander for Hooking.
10:45 of 3rd period - Vincent Trocheck wins face-off versus Chris Tierney in Atomiques zone.
11:14 of 3rd period - Slapshot by Stefan Elliott.
11:14 of 3rd period - Stopped by Connor Hellebyuk without a rebound.
11:15 of 3rd period - Jacob De La Rose wins face-off versus Vincent Trocheck in Atomiques zone.
11:26 of 3rd period - Mark Mancari is hit by John Draeger.
11:40 of 3rd period - Jonathan Marchessault is hit by Brandon McMillan and loses puck.
12:44 of 3rd period - Penalty to William Nylander is over, William Nylander is back on ice.
12:50 of 3rd period - Snap shot by Martin Frk.
12:50 of 3rd period - Shot Misses the Net.
12:52 of 3rd period - Snap shot by Martin Frk.
12:52 of 3rd period - Deflect By Nikolaj Ehlers.
12:52 of 3rd period - Shot Misses the Net.
12:52 of 3rd period - Puck is out of play.
12:53 of 3rd period - Nick Cousins wins face-off versus Michael Chaput in Atomiques zone.
12:58 of 3rd period - Snap shot by Joseph Blandisi.
12:58 of 3rd period - Stopped by Connor Hellebyuk with a rebound.
13:00 of 3rd period - Snap shot by Nick Cousins.
13:00 of 3rd period - Shot Blocked by Nikolaj Ehlers.
13:04 of 3rd period - Slapshot by Martin Frk.
13:04 of 3rd period - Shot Blocked by Connor Clifton.
13:06 of 3rd period - Snap shot by Nick Cousins.
13:06 of 3rd period - Stopped by Connor Hellebyuk with a rebound.
13:08 of 3rd period - Snap shot by Martin Frk.
13:08 of 3rd period - Deflect By Nick Cousins.
13:08 of 3rd period - Stopped by Connor Hellebyuk with a rebound.
13:25 of 3rd period - Slapshot by John Ramage.
13:25 of 3rd period - Stopped by Connor Hellebyuk with a rebound.
13:44 of 3rd period - Snap shot by Vincent Trocheck.
13:44 of 3rd period - Stopped by Connor Hellebyuk with a rebound.
13:46 of 3rd period - Slapshot by Tomas Tatar.
13:46 of 3rd period - Shot Misses the Net.
14:47 of 3rd period - Wrist shot by Nikolaj Ehlers.
14:47 of 3rd period - Stopped by Darcy Kuemper without a rebound.
14:48 of 3rd period - Chris Tierney wins face-off versus Jonathan Marchessault in Sewer Rats zone.
15:10 of 3rd period - Icing by Jonathan Marchessault.
15:11 of 3rd period - Christoph Bertschy wins face-off versus Nick Cousins in Sewer Rats zone.
15:12 of 3rd period - Wrist shot by Taylor Beck.
15:12 of 3rd period - Shot Misses the Net.
15:14 of 3rd period - Snap shot by Jack Skille.
15:14 of 3rd period - Shot Misses the Net.
15:16 of 3rd period - Slapshot by Matt Tennyson.
15:16 of 3rd period - Stopped by Darcy Kuemper without a rebound.
15:17 of 3rd period - Nick Cousins wins face-off versus Jack Skille in Sewer Rats zone.
15:17 of 3rd period - Nick Cousins is hit by Christoph Bertschy.
15:23 of 3rd period - Snap shot by Jack Skille.
15:23 of 3rd period - Stopped by Darcy Kuemper without a rebound.
15:24 of 3rd period - Nick Cousins wins face-off versus Christoph Bertschy in Sewer Rats zone.
15:24 of 3rd period - Nick Cousins is hit by Taylor Beck.
15:30 of 3rd period - Slapshot by Stefan Elliott.
15:30 of 3rd period - Stopped by Connor Hellebyuk without a rebound.
15:31 of 3rd period - Nick Cousins wins face-off versus Christoph Bertschy in Atomiques zone.
15:34 of 3rd period - Wrist shot by Nick Cousins.
15:34 of 3rd period - Shot Misses the Net.
15:36 of 3rd period - Slapshot by Jarred Tinordi.
15:36 of 3rd period - Stopped by Connor Hellebyuk with a rebound.
15:38 of 3rd period - Slapshot by Jarred Tinordi.
15:38 of 3rd period - Shot Blocked by Jack Skille.
15:40 of 3rd period - Slapshot by Martin Frk.
15:40 of 3rd period - Shot Misses the Net.
15:42 of 3rd period - Slapshot by Martin Frk.
15:42 of 3rd period - Shot Misses the Net.
15:44 of 3rd period - Slapshot by Jarred Tinordi.
15:44 of 3rd period - Stopped by Connor Hellebyuk with a rebound.
15:46 of 3rd period - Wrist shot by Joseph Blandisi.
15:46 of 3rd period - Shot Misses the Net.
15:52 of 3rd period - Minor Penalty to Taylor Beck for Hooking.
15:53 of 3rd period - Vincent Trocheck wins face-off versus Chris Tierney in Atomiques zone.
15:56 of 3rd period - Snap shot by Tomas Tatar.
15:56 of 3rd period - Goal by Tomas Tatar - Atomiques : 5 - Sewer Rats : 5.
15:57 of 3rd period - Nick Cousins wins face-off versus Christoph Bertschy in neutral zone.
16:02 of 3rd period - Wrist shot by Joseph Blandisi.
16:02 of 3rd period - Stopped by Connor Hellebyuk without a rebound.
16:03 of 3rd period - Nick Cousins wins face-off versus Christoph Bertschy in Atomiques zone.
16:10 of 3rd period - Slapshot by Martin Frk.
16:10 of 3rd period - Stopped by Connor Hellebyuk with a rebound.
16:12 of 3rd period - Wrist shot by Nick Cousins.
16:12 of 3rd period - Stopped by Connor Hellebyuk without a rebound.
16:13 of 3rd period - Christoph Bertschy wins face-off versus Nick Cousins in Atomiques zone.
16:20 of 3rd period - Snap shot by Christoph Bertschy.
16:20 of 3rd period - Goal by Christoph Bertschy - Atomiques : 6 - Sewer Rats : 5.
16:21 of 3rd period - Christoph Bertschy wins face-off versus Nick Cousins in neutral zone.
16:27 of 3rd period - Minor Penalty to Stefan Elliott for Hooking.
16:28 of 3rd period - Chris Tierney wins face-off versus Mark Mancari in Sewer Rats zone.
17:02 of 3rd period - Snap shot by Christoph Bertschy.
17:02 of 3rd period - Stopped by Darcy Kuemper without a rebound.
17:03 of 3rd period - Chris Tierney wins face-off versus Mark Mancari in Sewer Rats zone.
18:27 of 3rd period - Penalty to Stefan Elliott is over, Stefan Elliott is back on ice.
18:54 of 3rd period - Sewer Rats, Darcy Kuemper is pulled from the net.
18:58 of 3rd period - Wrist shot by Tomas Tatar.
18:58 of 3rd period - Stopped by Connor Hellebyuk with a rebound.
19:00 of 3rd period - Slapshot by Jarred Tinordi.
19:00 of 3rd period - Shot Blocked by Chris Tierney.
19:02 of 3rd period - Snap shot by Jarred Tinordi.
19:02 of 3rd period - Deflect By Vincent Trocheck.
19:02 of 3rd period - Stopped by Connor Hellebyuk with a rebound.
19:04 of 3rd period - Wrist shot by Mark Mancari.
19:04 of 3rd period - Shot Blocked by Colby Cohen.
19:06 of 3rd period - Wrist shot by Vincent Trocheck.
19:06 of 3rd period - Shot Misses the Net.
19:08 of 3rd period - Wrist shot by Mark Mancari.
19:08 of 3rd period - Stopped by Connor Hellebyuk with a rebound.
19:10 of 3rd period - Snap shot by Tomas Tatar.
19:10 of 3rd period - Stopped by Connor Hellebyuk without a rebound.
19:11 of 3rd period - Mike Keenan call a timeout for Sewer Rats.
19:11 of 3rd period - Vincent Trocheck wins face-off versus Chris Tierney in Atomiques zone.
19:26 of 3rd period - Snap shot by Tomas Tatar.
19:26 of 3rd period - Stopped by Connor Hellebyuk with a rebound.
Goals for this period are 1 for Atomiques vs 1 for Sewer Rats.
Shots for this period are 13 for Atomiques vs 27 for Sewer Rats.
Back to the Top